 Dungeon Crawl Stone Soup version 0.30-a0-639-g3916f1956a (webtiles) character file.

Game seed: 6254286204004195088

1204 browni3141 the Covert (level 8, -5/51 HPs)
             Began as a Kobold Brigand on Jan 15, 2023.
             Slain by a gnoll sergeant
             ... wielding a +0 spear
              (6 damage)
             ... on level 5 of the Dungeon.
             The game lasted 00:07:59 (6988 turns).

browni3141 the Covert (Kobold Brigand)              Turns: 6988, Time: 00:08:00

Health: -5/51      AC:  6    Str:  8    XL:     8   Next: 73%
Magic:  8/8        EV:  9    Int: 13    God:
Gold:   263        SH:  0    Dex: 18    Spells: 7/7 levels left

rFire   . . .      SeeInvis .    s - +2 dagger (venom)
rCold   . . .      Faith    .    (no shield)
rNeg    . . .      Spirit   .    b - +0 robe
rPois   .          Reflect  .    (no helmet)
rElec   .          Harm     .    C - +2 cloak
rCorr   .          Rampage  .    w - +0 pair of gloves
Will    .....                    (no boots)
Stlth   +++++                    (no amulet)
HPRegen 0.28/turn                (no ring)
MPRegen 0.11/turn                (no ring)

@: held
A: small, no large weapons, nightstalker 3
a: no special abilities


You were on level 5 of the Dungeon.
You visited 1 branch of the dungeon, and saw 5 of its levels.

You collected 263 gold pieces.

Inventory:

Hand Weapons
 a - a +2 dagger
 s - a +2 dagger of venom (weapon)
Missiles
 d - 19 poisoned darts
 e - 3 curare-tipped darts (quivered)
 A - 2 throwing nets
Armour
 b - a +0 robe (worn)
 c - a +0 cloak
 w - a +0 pair of gloves (worn)
 C - a +2 cloak (worn)
Jewellery
 r - a +5 ring of evasion
 u - a ring of see invisible
Wands
 l - a wand of roots (6)
 t - a wand of digging (15)
Scrolls
 f - 2 scrolls of poison
 h - a scroll of teleportation
 i - 5 scrolls of immolation
 m - 2 scrolls of enchant armour {unknown}
 n - a scroll of blinking {unknown}
 o - a scroll of noise {unknown}
 p - a scroll of fear {unknown}
 x - a scroll of magic mapping {unknown}
 y - a scroll of enchant weapon {unknown}
 D - a scroll of identify
Potions
 g - 3 potions of curing
 j - 3 potions of brilliance
 k - 3 potions of might {unknown}
 q - 3 potions of heal wounds {unknown}
 v - a potion of haste {unknown}
 z - a potion of attraction {unknown}
 B - a potion of degeneration {unknown}


   Skills:
 + Level 5.8 Fighting
 + Level 6.9 Short Blades
 - Level 2.1 Throwing
 + Level 5.9 Dodging
 + Level 8.8 Stealth


You had 7 spell levels left.
You didn't know any spells.
Your spell library contained the following spells:

 Spells                   Type           Power      Damage    Failure   Level
 Beastly Appendage        Tmut           0%         N/A       30%         1
 Wereblood                Tmut           0%         N/A       43%         2
 Frozen Ramparts          Ice            0%         1d1       67%         3
 Spider Form              Tmut/Pois      0%         N/A       67%         3
 Ice Form                 Ice/Tmut       0%         N/A       97%         4
 Summon Ice Beast         Ice/Summ       0%         N/A       97%         4


Dungeon Overview and Level Annotations

Branches:
Dungeon (5/15)
 Temple: D:4-7

Altars:
Elyvilon
Makhleb
Trog

Shops:
D:5 :


Innate Abilities, Weirdness & Mutations

You are small and have problems with some larger weapons.
You are completely attuned to the shadows.


Message History

Aim: a jackal The roots erupt in riotous growth!
Roots grab the jackal.
Roots grab the gnoll.
Roots grab the gnoll bouda.
Roots grab the hound.
Roots grab the gnoll sergeant.
The grasping roots constrict the hound!
The grasping roots constrict the jackal.
The grasping roots constrict the gnoll bouda.
The grasping roots constrict the gnoll sergeant.
The grasping roots constrict the gnoll.
The gnoll struggles to escape constriction.
The jackal closely misses you.
The gnoll sergeant hits you from afar with a +0 spear!
* * * LOW HITPOINT WARNING * * *
The hound bites you.
* * * LOW HITPOINT WARNING * * *
The gnoll struggles to escape constriction.
The grasping roots constrict the hound.
The grasping roots constrict the jackal.
You kill the jackal!
The grasping roots constrict the gnoll bouda.
The grasping roots constrict the gnoll sergeant!
The grasping roots constrict the gnoll.
The roots release their grip on the gnoll bouda.
The roots release their grip on the gnoll sergeant.
The hound struggles to escape constriction.
The gnoll bouda barks out a call to the hunt!
The gnolls pick up the pace!
The gnoll throws a throwing net.
The throwing net hits you.
You become entangled in the net!
The gnoll escapes!
The hound escapes!
You see here a throwing net.
You tear a large gash into the net.
The gnoll sergeant hits you from afar with a +0 spear!
* * * LOW HITPOINT WARNING * * *
The gnoll bouda calls upon its god to heal the gnoll sergeant.
The gnoll sergeant is healed somewhat.
The hound bites you.
* * * LOW HITPOINT WARNING * * *
You struggle against the net.
The hound bites you.
* * * LOW HITPOINT WARNING * * *
The gnoll sergeant hits you from afar with a +0 spear.
You die...

#..# #...##.... #.)#....
#.#.##...# #..#....####..
#.#....... #..##.........
#......... #..##.........
#..#...... #..# #...g....
#......... #..#####gg..##
##.........
#...###.≈hg≈.###....#.###.
#(...##.≈@.≈g##...######..
#.##.##.≈..≈.##.#####.....
#..#.##.≈..≈.##..###......
##.#.##.≈..≈.##....#......
#...##.≈..≈.##..#........
##...###..###...###.....#
#.............## #......
#.#..8....8...## #.#.###
#..............###.#.#


You could see a gnoll sergeant (swift), a gnoll bouda, a hound and 3 gnolls.

Vanquished Creatures
  2 black bears
  A wolf (D:5)
  An ogre (D:4)
  A centaur (D:5)
  A gnoll sergeant (D:5)
  A scorpion (D:4)
  7 hounds
  A jelly (D:5)
  Jessica (D:2)
  An iguana (D:4)
  Terence (D:2)
  Natasha (thrice) (D:4)
  8 gnolls
  5 adders
  A worm (D:5)
  4 dart slugs
  13 orcs
  4 bats
  7 endoplasms
  7 giant cockroaches (D:2)
  7 hobgoblins
  12 jackals
  5 quokkas
  9 ball pythons
  7 frilled lizards
  6 goblins
  6 kobolds
  13 rats
135 creatures vanquished.

Notes
Turn   | Place    | Note
-------+----------+-------------------------------------------
     0 | D:1      | browni3141 the Kobold Brigand began the quest for the Orb.
     0 | D:1      | Reached XP level 1. HP: 12/12 MP: 1/1
   158 | D:1      | You fall into a shaft and drop 1 floor!
   407 | D:1      | Reached XP level 2. HP: 18/18 MP: 2/2
   714 | D:1      | Found a faded altar of an unknown god.
   758 | D:1      | Reached XP level 3. HP: 21/22 MP: 3/3
  1130 | D:2      | Noticed Terence
  1138 | D:2      | Killed Terence
  1139 | D:2      | Reached skill level 6 in Stealth
  1139 | D:2      | Reached XP level 4. HP: 15/28 MP: 4/4
  1371 | D:2      | HP: 1/28 [frozen (3)]
  1572 | D:2      | Reached XP level 5. HP: 32/32 MP: 5/5
  1723 | D:2      | Noticed Jessica
  1729 | D:2      | Killed Jessica
  2198 | D:3      | Found a white marble altar of Elyvilon.
  3308 | D:4      | Reached XP level 6. HP: 38/38 MP: 6/6
  3321 | D:4      | Noticed an ogre
  3517 | D:4      | Noticed Natasha
  3521 | D:4      | Killed Natasha
  3522 | D:4      | Reached skill level 7 in Stealth
  3651 | D:4      | Reached skill level 5 in Short Blades
  3898 | D:4      | Reached XP level 7. HP: 43/43 MP: 7/7
  3991 | D:4      | Noticed Natasha
  4222 | D:4      | Killed Natasha
  4840 | D:4      | Noticed Natasha
  4847 | D:4      | Killed Natasha
  5506 | D:5      | Entered Level 5 of the Dungeon
  5605 | D:5      | Found a bloodstained altar of Trog.
  5702 | D:5      | Found a burning altar of Makhleb.
  5822 | D:5      | HP: 2/44 [black bear (6)]
  5826 | D:5      | Reached skill level 5 in Fighting
  5826 | D:5      | Reached skill level 5 in Dodging
  5826 | D:5      | Reached skill level 8 in Stealth
  5826 | D:5      | Reached XP level 8. HP: 18/49 MP: 8/8
  6457 | D:5      | Found Peloz's Book Emporium.
  6988 | D:5      | HP: 1/51 [hound (3)]
  6988 | D:5      | Slain by a gnoll sergeant

Illustrated notes

Levels and vault maps discovered:
D:1:      dpeg_arrival_rooms_b, layout_loops_cross, serial_glass,
          glass_columns_b, glass_columns_a, glass_columns_b, glass_columns_b,
          glass_columns_c, glass_columns_b,
          shapermc_ecumenical_altar_mp_vishouse
D:2:      kennysheep_six_static_rooms, layout_loops_ring,
          minmay_worlds_worst_comb, uniq_jessica, uniq_terence
D:3:      mumra_celtic_spiral_tile, layout_loops_corners,
          nicolae_overflow_hidden_temple, nicolae_elyvilon_peaceful_grove,
          uniq_sigmund
D:4:      layout_basic, uniq_natasha
D:5:      layout_cave_pools, trog_butcher_becter, makhleb_blood_cavern_becter,
          serial_gnoll_camp, gnoll_camp_mini_hut, gnoll_camp_mini_doghouse,
          gnoll_camp_medium_01, gnoll_camp_mini_loothouse,
          gnoll_camp_mini_doghouse, serial_shops, nicolae_shop_trees,
          grunt_ministairs_10

Skill      XL: |  1  2  3  4  5  6  7 |
---------------+----------------------+-----
Short Blades   | 3 4 5 6 |  6.9
Dodging        | 2 3 4 5 |  5.9
Fighting       | 3 4 5 |  5.8
Stealth        | 6 7 8 |  8.8
Throwing       | |  2.1

Action                   |  1- 3 |  4- 6 |  7- 9 || total
-------------------------+-------+-------+-------++-------
Melee: Dagger            |    80 |   112 |   178 ||   370
       Punch             |       |     1 |     2 ||     3
Throw: Dart              |     7 |    14 |       ||    21
Evoke: Wand              |       |       |     4 ||     4
  Use: Scroll            |       |     2 |     2 ||     4
       Potion            |       |     1 |     2 ||     3
 Stab: Sleeping          |    14 |    24 |    10 ||    48
       Distracted        |       |     5 |       ||     5
Armor: Robe              |     7 |    11 |    40 ||    58
Dodge: Dodged            |    37 |    74 |   216 ||   327

Table legend: (Time is in decaauts)
 A = Elapsed time spent in this place.
 B = Non-inter-level travel time spent in this place.
 C = Inter-level travel time spent in this place.
 D = Time resting spent in this place.
 E = Time spent auto-exploring this place.
 F = Levels seen in this place.
 G = Mean time per level.
                   A        B        C        D        E       F      G
               +--------+--------+--------+--------+--------+-----+--------+
         Total |   6896 |   6680 |    216 |    142 |   5538 |   5 | 1379.2 |
       Dungeon |   6896 |   6680 |    216 |    142 |   5538 |   5 | 1379.2 |
               +--------+--------+--------+--------+--------+-----+--------+

Top non-repeatable levels by time:
     D:4: 2338 daAuts
     D:3: 1360 daAuts
     D:5: 1279 daAuts
     D:2: 1129 daAuts
     D:1: 788 daAuts
